 Dungeon Crawl Stone Soup version 0.28-a0-1143-gcf6077d4cc (webtiles) character file.

Game seed: 15023584309746761753

71 spaghetti the Slasher (level 4, 0/42 HPs)
             Began as a Naga Chaos Knight on Dec 14, 2021.
             Was a Plaything of Xom.
             Slain by a gnoll (2 damage)
             ... on level 3 of the Dungeon.
             The game lasted 00:03:07 (1672 turns).

spaghetti the Slasher (Naga Chaos Knight)           Turns: 1672, Time: 00:03:08

Health: 0/42       AC:  6    Str: 17    XL:     4   Next: 24%
Magic:  4/4        EV:  9    Int: 12    God:    Xom [.....*]
Gold:   111        SH:  0    Dex: 10    Spells: 3/3 levels left

rFire   + . .      SeeInvis +   h - +3 trident {polearm}
rCold   + . .      Faith    .   (no shield)
rNeg    . . .      Spirit   .   b - +3 leather armour
rPois   +          Reflect  .   (no helmet)
rElec   +          Harm     .   (no cloak)
rCorr   +          Rampage  .   (no gloves)
Will    .....                   (no barding)
Stlth   +.........              (no amulet)
HPRegen 0.14/turn               (no ring)
MPRegen 0.09/turn               (no ring)

@: short of breath, resistant, very slow
A: AC +1, large, see invisible, deformed body, poison resistance, slowness 2,
spit poison 1, naga tail 1
a: Spit Poison, Renounce Religion


You were on level 3 of the Dungeon.
You worshipped Xom.
You were Xom's teddy bear.
You visited 1 branch of the dungeon, and saw 3 of its levels.

You collected 111 gold pieces.


Innate Abilities, Weirdness & Mutations

Your serpentine skin is tough. (AC +1)
You have supernaturally acute eyesight. (SInv)
Armour fits poorly on your strangely shaped body.
Your system is resistant to poisons. (rPois)
You cover ground very slowly.
You can spit poison.
You have a snake-like lower body.


   Skills:
 - Level 3.0 Fighting
 + Level 1.8(3.3) Short Blades
 - Level 4.4(4.6) Long Blades
 - Level 1.5 Armour
 - Level 0.7 Dodging


You had 3 spell levels left.
You didn't know any spells.
Your spell library contained the following spells:

 Spells                   Type           Power      Damage    Failure   Level
 Stone Arrow              Conj/Erth      0%         3d7       75%         3
 Animate Armour           Summ/Erth      0%         N/A       98%         4
 Lehudib's Crystal Spear  Conj/Erth      0%         10d2      100%        8

Inventory:

Hand Weapons
 a - a +0 falchion of chaos {long}
 h - a +3 trident (weapon) {polearm}
   (You found it on level 1 of the Dungeon)
Missiles
 c - 47 stones {throwing}
 f - 98 arrows
 j - 3 javelins {throwing}
Armour
 b - a +3 leather armour (worn)
Magical Staves
 k - a staff of death {!astaff}
   (You found it on level 3 of the Dungeon)
Scrolls
 g - 2 scrolls of identify {@r1}
Potions
 d - 2 potions of heal wounds {@q2}
 i - a potion of resistance

Dungeon Overview and Level Annotations

Branches:
Dungeon (3/15)

Altars:

Shops:
D:1 * D:2

* ##########
######################.........
..............§§@Jg§g..........
############..§§§§g§...).......
#............########.........#
.....>..#.#### #...<.....#
#########.# #....$....# ###
#..# ####...#### #.###.## .#.#
####.....######### .#.#
.................. .. .


You could see 2 gnolls and an endoplasm.


Message History

You take 7 damage, and now have 27/42 hp.
You are too injured to fight recklessly!
You are too injured to fight recklessly!
You are too injured to fight recklessly!
There are monsters nearby!
You are too injured to fight recklessly!
Unknown command.
The hobgoblin hits you. 😮 HP[-2]
You take 2 damage, and now have 25/42 hp.
The ball python barely misses you.
The gnoll hits you but does no damage. 😮 HP[+1]
The ball python bites you. 😮 HP[-1]
You take 1 damage, and now have 25/42 hp.
The gnoll barely misses you.
The hobgoblin hits you but does no damage.
The gnoll hits you with a +0 club. 😮 HP[-3]
You take 3 damage, and now have 22/42 hp.
Xom snickers.
Your eyebrows briefly feel incredibly bushy.
You are now Xom's teddy bear.
The hobgoblin hits you but does no damage.
Aiming: Spit Poison (1% risk of failure)
Press: ? - help, Shift-Dir - straight line, f - hobgoblin
Aim: a hobgoblin The splash of poison hits the hobgoblin!
You kill the hobgoblin!
The gnoll hits you with a +0 club.
* * * LOW HITPOINT WARNING * * *
😨 HP[-2]
You take 2 damage, and now have 20/42 hp.
Unknown command.
You puncture the gnoll!
You kill the gnoll!
The ball python bites you but does no damage. x2 😨 HP[+1] It was a potion of heal wounds.
You feel much better. The endoplasm freezes you.
You are frozen.
The ball python misses you. 😕 HP[+12]
You regained 12 hp, and now have 33/42 hp.
Unknown command.
You hit the ball python.
You kill the ball python!
You have got your breath back.
The endoplasm freezes you.
You are frozen.
The gnoll hits you but does no damage.
The endoplasm hits you but does no damage. 😕 HP[-1]
You take 1 damage, and now have 32/42 hp.
You barely miss the endoplasm.
The gnoll hits you from afar with a +0 halberd!
The gnoll hits you but does no damage. The endoplasm freezes you.
You are frozen. 😮 HP[-10]
You take 10 damage, and now have 22/42 hp.
MASSIVE DAMAGE!! (PAUSE) Unknown command.
It was a potion of resistance.
You feel protected. The gnoll barely misses you.
The gnoll hits you but does no damage. The endoplasm freezes you.
You are frozen.
You resist.
* * * LOW HITPOINT WARNING * * *
😨 HP[-1]
You take 1 damage, and now have 21/42 hp.
Unknown command.
Aiming: Spit Poison (1% risk of failure)
Press: ? - help, Shift-Dir - straight line, f - endoplasm
Aim: an endoplasm The splash of poison hits the endoplasm.
The gnoll hits you but does no damage.
The gnoll hits you from afar with a +0 spear.
* * * LOW HITPOINT WARNING * * *
The endoplasm barely misses you. 😨 HP[-3]
You take 3 damage, and now have 18/42 hp.
Unknown command.
You barely miss the endoplasm.
The gnoll hits you from afar with a +0 halberd!
* * * LOW HITPOINT WARNING * * *
The gnoll hits you from afar with a +0 spear!
* * * LOW HITPOINT WARNING * * *
The endoplasm closely misses you. The gnoll barely misses you. 😱 HP[-16]
You take 16 damage, and now have 2/42 hp.
MASSIVE DAMAGE!! (PAUSE) Unknown command.
You can't do that yet.
As you read the scroll of fog, it crumbles to dust.
The scroll dissolves into smoke.
The gnoll hits you but does no damage.
The endoplasm hits you but does no damage.
The gnoll barely misses you.
Unknown command.
Unknown command.
The gnoll hits you from afar with a +0 spear.
You die...

Skill      XL: |  1  2  3 |
---------------+----------+-----
Long Blades    | 4 |  4.4
Short Blades   | 1 |  1.8
Fighting       | |  3.0
Armour         | |  1.5
Dodging        | |  0.7

Action                   |  1- 3 |  4- 6 || total
-------------------------+-------+-------++-------
Melee: Falchion          |    50 |       ||    50
       Trident           |    48 |    13 ||    61
 Abil: Spit Poison       |       |     2 ||     2
  Use: Scroll            |     4 |     1 ||     5
       Potion            |       |     2 ||     2
Armor: Leather armour    |    38 |    19 ||    57
Dodge: Dodged            |    56 |    16 ||    72

Levels and vault maps discovered:
D:1:      dpeg_arrival_pits, layout_basic, serial_shops,
          nicolae_shop_competitors_out_of_business, moated_statue
D:2:      layout_rooms, serial_shops, shop
D:3:      layout_rooms, ebering_ecumenical_altar_ruins

Notes
Turn   | Place    | Note
-------+----------+-------------------------------------------
     0 | D:1      | spaghetti the Naga Chaos Knight began the quest for the
                  | Orb.
     0 | D:1      | Reached XP level 1. HP: 21/21 MP: 1/1
     0 | D:1      | magus.rc [v1.9.6]
   372 | D:1      | Found Ylloliq's Assorted Antiques.
   384 | D:1      | Reached XP level 2. HP: 28/28 MP: 2/2
   652 | D:1      | Reached skill level 4 in Long Blades
   718 | D:1      | Reached XP level 3. HP: 34/34 MP: 3/3
   915 | D:2      | You pick up a book of Armaments and begin reading...
   915 | D:2      | You add the spells Stone Arrow, Animate Armour and
                  | Lehudib's Crystal Spear to your library.
  1016 | D:2      | Found Niwol's General Store.
  1031 | D:2      | XOM: silly message
  1288 | D:2      | XOM: silly message
  1398 | D:3      | XOM: silly message
  1426 | D:3      | Found a faded altar of an unknown god.
  1488 | D:3      | XOM: divination: magic mapping
  1532 | D:3      | XOM is BORED!
  1532 | D:3      | XOM: silly message
  1538 | D:3      | XOM: silly message
  1542 | D:3      | Reached skill level 1 in Short Blades
  1560 | D:3      | Reached XP level 4. HP: 39/42 MP: 4/4
  1662 | D:3      | XOM: silly message
  1670 | D:3      | HP: 10/42 [gnoll (9)]
  1670 | D:3      | HP: 2/42 [gnoll (8)]
  1672 | D:3      | Slain by a gnoll

Vanquished Creatures
  A gnoll (D:3)
  An adder (D:2)
  A dart slug (D:3)
  4 orcs (D:3)
  5 ball pythons
  2 endoplasms (D:1)
  A giant cockroach (D:1)
  9 goblins
  3 hobgoblins
  2 kobolds (D:3)
  2 quokkas
  4 bats
  6 frilled lizards
  2 rats (D:1)
43 creatures vanquished.

Table legend:
 A = Non-vault XP
 B = Vault XP
 C = Vault XP percentage of total XP
 D = Non-vault monster count
 E = Vault monster count
 F = Vault count percentage of total count
                 A         B        C        D         E       F
            +---------+---------+-------+---------+---------+-------
      Total |     102 |       0 |   0.0 |      43 |       0 |   0.0
            +---------+---------+-------+---------+---------+-------
        D:1 |      35 |       0 |   0.0 |      22 |       0 |   0.0
        D:2 |      25 |       0 |   0.0 |       8 |       0 |   0.0
        D:3 |      42 |       0 |   0.0 |      13 |       0 |   0.0
            +---------+---------+-------+---------+---------+-------

Illustrated notes

Table legend:
 A = Kills in this place as a percentage of kills in entire the game.
 B = Kills by you in this place as a percentage of kills by you in the entire game.
 C = Kills by friends in this place as a percentage of kills by friends in the entire game.
 D = Other kills in this place as a percentage of other kills in the entire game.
 E = Experience gained in this place as a percentage of experience gained in the entire game.
 F = Experience gained in this place divided by the number of levels of this place that you have seen.
                   A       B       C       D       E      F
               +-------+-------+-------+-------+-------+----------------------
         Total | 100.0 | 100.0 |   N/A |   N/A | 100.0 |  34.0
       Dungeon | 100.0 | 100.0 |   N/A |   N/A | 100.0 |  34.0
               +-------+-------+-------+-------+-------+----------------------

Table legend: (Time is in decaauts)
 A = Elapsed time spent in this place.
 B = Non-inter-level travel time spent in this place.
 C = Inter-level travel time spent in this place.
 D = Time resting spent in this place.
 E = Time spent auto-exploring this place.
 F = Levels seen in this place.
 G = Mean time per level.
                   A        B        C        D        E       F      G
               +--------+--------+--------+--------+--------+-----+--------+
         Total |   2147 |   2038 |    109 |     96 |   1602 |   3 |  715.7 |
       Dungeon |   2147 |   2038 |    109 |     96 |   1602 |   3 |  715.7 |
               +--------+--------+--------+--------+--------+-----+--------+

Top non-repeatable levels by time:
     D:1: 1074 daAuts
     D:2: 633 daAuts
     D:3: 440 daAuts
